 Dungeon Crawl Stone Soup version 0.28.0 (webtiles) character file.

Game seed: 9813956630314607060

658 Sanktem7 the Slasher (level 7, -1/62 HPs)
             Began as a Minotaur Fighter on Feb 10, 2022.
             Slain by a gnoll (2 damage)
             ... on level 5 of the Dungeon.
             The game lasted 00:05:55 (4909 turns).

Sanktem7 the Slasher (Minotaur Fighter)             Turns: 4909, Time: 00:05:55

Health: -1/62      AC:  8    Str: 23    XL:     7   Next: 30%
Magic:  6/6        EV:  9    Int:  5    God:
Gold:   89         SH:  4    Dex:  9    Spells: 6/6 levels left

rFire   . . .      SeeInvis .   a - +1 long sword
rCold   . . .      Faith    .   c - +0 buckler
rNeg    . . .      Spirit   .   b - +1 scale mail
rPois   .          Reflect  .   (helmet restricted)
rElec   .          Harm     .   m - scarf {shadows}
rCorr   .          Rampage  .   (no gloves)
Will    .....                   (no boots)
Stlth   ..........              (no amulet)
HPRegen 0.20/turn               (no ring)
MPRegen 0.10/turn               (no ring)

@: no status effects
A: horns 2, retaliatory headbutt
a: no special abilities


You were on level 5 of the Dungeon.
You visited 1 branch of the dungeon, and saw 5 of its levels.

You collected 89 gold pieces.

Inventory:

Hand Weapons
 a - a +1 long sword (weapon)
Armour
 b - a +1 scale mail (worn)
 c - a +0 buckler (worn)
 m - a scarf of shadows (worn)
Scrolls
 e - a scroll of immolation
 g - a scroll of enchant weapon
 j - 2 scrolls of teleportation
 l - 2 scrolls of identify
 n - a scroll of summoning
Potions
 d - a potion of might
 f - a potion of degeneration {unknown}
 h - 2 potions of heal wounds
 i - a potion of lignification
 k - a potion of ambrosia {unknown}
 o - a potion of invisibility
 p - a potion of brilliance {unknown}


   Skills:
 * Level 5.8 Fighting
 * Level 6.9 Long Blades
 * Level 6.2 Armour
 + Level 1.1 Dodging
 - Level 3.6 Shields


You had 6 spell levels left.
You didn't know any spells.
Your spell library contained the following spells:

 Spells                   Type           Power      Damage    Failure   Level
 Animate Skeleton         Necr           0%         N/A       86%         1
 Pain                     Necr           0%         1d4       86%         1
 Blink                    Tloc           0%         N/A       94%         2
 Ensorcelled Hibernation  Hex/Ice        0%         N/A       94%         2
 Lesser Beckoning         Tloc           0%         N/A       99%         3
 Spider Form              Tmut/Pois      0%         N/A       99%         3
 Vampiric Draining        Necr           0%         2d6       99%         3
 Anguish                  Hex/Necr       0%         N/A       100%        4
 Summon Ice Beast         Ice/Summ       0%         N/A       100%        4
 Manifold Assault         Tloc           0%         N/A       100%        5
 Summon Mana Viper        Hex/Summ       0%         N/A       100%        5
 Monstrous Menagerie      Summ           0%         N/A       100%        7


Dungeon Overview and Level Annotations

Branches:
Dungeon (5/15)
 Temple: D:4-7

Altars:
Uskayaw
Yredelemnul


Innate Abilities, Weirdness & Mutations

You have a pair of horns on your head.
You reflexively headbutt those who attack you in melee.


Message History

The gnoll sergeant burns you.
The gnoll hits you from afar with a +0 spear.
The gnoll sergeant closely misses you. You furiously retaliate!
You headbutt the gnoll sergeant, but do no damage.
You closely miss the gnoll sergeant. You headbutt the gnoll sergeant!
The gnoll sergeant is heavily wounded.
You block the gnoll's attack.
The gnoll sergeant hits you with a +4 spear of flaming!
* * * LOW HITPOINT WARNING * * *
The gnoll sergeant burns you.
* * * LOW HITPOINT WARNING * * *
The gnoll hits you from afar with a +0 spear.
* * * LOW HITPOINT WARNING * * *
You hit the gnoll sergeant.
You headbutt the gnoll sergeant, but do no damage.
The gnoll sergeant is heavily wounded.
The gnoll sergeant hits you with a +4 spear of flaming.
* * * LOW HITPOINT WARNING * * *
The gnoll sergeant burns you.
* * * LOW HITPOINT WARNING * * *
The gnoll barely misses you.
You barely miss the gnoll sergeant.
You headbutt the gnoll sergeant, but do no damage.
The gnoll sergeant is heavily wounded.
You block the gnoll sergeant's attack.
The gnoll hits you from afar with a +0 spear.
* * * LOW HITPOINT WARNING * * *
You barely miss the gnoll sergeant.
The gnoll sergeant is heavily wounded.
The gnoll sergeant hits you with a +4 spear of flaming.
* * * LOW HITPOINT WARNING * * *
The gnoll sergeant burns you.
* * * LOW HITPOINT WARNING * * *
The gnoll closely misses you.
You hit the gnoll sergeant but do no damage.
The gnoll sergeant blocks your attack.
The gnoll sergeant is heavily wounded.
You block the gnoll sergeant's attack.
The gnoll hits you from afar with a +0 spear.
You die...

###########
.>........#
#########.#
#.#
#.########
#........#
########.#
#.# #@# #g#
#g#


Zgg #.# #.# #.# You could see a gnoll sergeant, 3 gnolls and a water moccasin
zombie.

Vanquished Creatures
  Prince Ribbit (D:5)
  A black bear (D:4)
  A phantom (D:5)
  2 scorpions (D:4)
  Terence (D:3)
  A gnoll (D:5)
  6 adders
  An ufetubus (D:4)
  An adder zombie (D:5)
  A worm (D:2)
  3 dart slugs
  4 orcs (D:4)
  5 ball pythons
  7 endoplasms
  2 giant cockroaches
  8 goblins
  12 hobgoblins
  2 jackals (D:1)
  7 kobolds
  3 quokkas
  8 frilled lizards
  A rat (D:2)
78 creatures vanquished.

Vanquished Creatures (others)
  4 plants (D:3)
4 creatures vanquished.

Grand Total: 82 creatures vanquished

Notes
Turn   | Place    | Note
-------+----------+-------------------------------------------
     0 | D:1      | Sanktem7 the Minotaur Fighter began the quest for the Orb.
     0 | D:1      | Reached XP level 1. HP: 19/19 MP: 0/0
   190 | D:1      | Reached XP level 2. HP: 27/27 MP: 1/1
   380 | D:1      | Reached XP level 3. HP: 33/33 MP: 2/2
  1746 | D:3      | Reached XP level 4. HP: 9/41 MP: 3/3
  2345 | D:3      | Found a hide-covered altar of Uskayaw.
  2346 | D:3      | Found a basalt altar of Yredelemnul.
  2491 | D:3      | Noticed Terence
  2505 | D:3      | Killed Terence
  2506 | D:3      | Reached skill level 5 in Armour
  3227 | D:4      | Reached XP level 5. HP: 47/47 MP: 4/4
  3404 | D:4      | Reached skill level 5 in Fighting
  3404 | D:4      | Reached skill level 5 in Long Blades
  3750 | D:4      | Noticed a black bear
  3754 | D:4      | Killed a black bear
  3755 | D:4      | Reached XP level 6. HP: 55/56 MP: 5/5
  4479 | D:5      | Entered Level 5 of the Dungeon
  4605 | D:5      | Noticed Prince Ribbit
  4618 | D:5      | Killed Prince Ribbit
  4619 | D:5      | Reached skill level 1 in Dodging
  4619 | D:5      | Reached XP level 7. HP: 13/62 MP: 6/6
  4908 | D:5      | HP: 3/62 [gnoll sergeant (3)]
  4908 | D:5      | HP: 1/62 [gnoll sergeant (2)]
  4909 | D:5      | Slain by a gnoll

Illustrated notes

Levels and vault maps discovered:
D:1:      lemuel_arrival_broad_hall, layout_rooms
D:2:      layout_loops_corners
D:3:      layout_basic, nicolae_overflow_squiral, serial_bayou_ford_a,
          uniq_terence
D:4:      layout_layer_cave, kennysheep_generic_room_13
D:5:      layout_loops_ring, mainiacjoe_overflow_small_starburst, serial_glass,
          glass_columns_b, glass_columns_a, nicolae_wooded_promenade,
          uniq_eustachio, uniq_prince_ribbit1

Skill      XL: |  1  2  3  4  5  6 |
---------------+-------------------+-----
Fighting       | 4 5 |  5.8
Armour         | 4 5 6 |  6.2
Long Blades    | 3 4 5 6 |  6.9
Dodging        | 1 |  1.1
Shields        | |  3.6

Action                   |  1- 3 |  4- 6 |  7- 9 || total
-------------------------+-------+-------+-------++-------
Melee: Long sword        |    88 |   111 |    10 ||   209
       Headbutt          |    11 |    12 |     5 ||    28
  Use: Scroll            |       |     9 |       ||     9
Armor: Scale mail        |    39 |    40 |     2 ||    81
Dodge: Dodged            |    37 |    55 |     3 ||    95
Block: Buckler           |    24 |    25 |     3 ||    52
